 Dungeon Crawl Stone Soup version 0.32-a0-834-geaf45d8e21 (webtiles) character file.

Game seed: 966447866883363396

8917 jasper the Severer (level 11, -4/95 HPs)
             Began as a Mountain Dwarf Monk on Mar 25, 2024.
             Was a Priest of Qazlal.
             Slain by a sixfirhy (9 damage)
             ... summoned by a kobold demonologist
             ... on level 10 of the Dungeon.
             The game lasted 00:13:29 (10231 turns).

jasper the Severer (Mountain Dwarf Monk)           Turns: 10231, Time: 00:13:30

Health: -4/95      AC: 18    Str: 19    XL:     11   Next: 16%
Magic:  2/11       EV:  5    Int: 10    God:    Qazlal [***...]
Gold:   313        SH:  4    Dex: 12    Spells: 10/10 levels left

rFire   . . .        E - +4 battleaxe (venom)
rCold   + . .        (shield currently unavailable)
rNeg    . . .        j - +0 plate armour
rPois   .            (no helmet)
rElec   .            w - +0 cloak
rCorr   .            (no gloves)
SInv    .            (no boots)
Will    +....        (no amulet) Stlth
                     H - +4 ring of protection
HPRegen 0.35/turn    f - ring of protection from cold
MPRegen 0.12/turn

%: no passive effects
@: no status effects
A: runic magic, artefact enchanting
a: Renounce Religion, Upheaval, Elemental Force


You were on level 10 of the Dungeon.
You worshipped Qazlal.
Qazlal was most pleased with you.
You visited 2 branches of the dungeon, and saw 11 of its levels.

You collected 553 gold pieces.
You spent 240 gold pieces at shops.

Inventory:

Hand Weapons
 a - a +0 heavy hand axe
 l - the +4 war axe of Calamity {holy, rC+ rN+ Will+ Dex+3}
   (You took it off an orc on level 4 of the Dungeon)

   Dex+3:     It affects your dexterity (+3).
   rC+:       It protects you from cold.
   rN+:       It protects you from negative energy.
   Will+:     It increases your willpower.
 o - a +0 war axe
 r - a +2 hand axe of flaming
 E - a +4 battleaxe of venom (weapon)
 G - a +0 battleaxe
 I - a +0 whip
Missiles
 g - 97 stones (quivered)
 m - 39 poisoned darts
 v - 3 javelins
 F - 5 boomerangs
Armour
 b - a +0 robe
 d - an orb of light
 j - a +0 plate armour (worn)
 k - a +0 chain mail
 w - a +0 cloak (worn)
 y - a +0 tower shield
Jewellery
 f - a ring of protection from cold (right hand)
 H - a +4 ring of protection (left hand)
Wands
 s - a wand of warping (20)
 A - a wand of flame (12)
Scrolls
 u - a scroll of vulnerability
 x - 2 scrolls of poison
 z - 7 scrolls of teleportation
 B - a scroll of fog
 C - a scroll of revelation
 K - a scroll of immolation
Potions
 c - a potion of ambrosia
 e - a potion of might
 h - 3 potions of resistance
 i - a potion of brilliance
 n - a potion of enlightenment
 p - a potion of degeneration
 q - 3 potions of cancellation
 t - a potion of haste
 D - a potion of attraction
 J - a potion of curing {unknown}


   Skills:
 + Level 8.6 Fighting
 * Level 16.8 Axes
 + Level 7.8 Armour
 - Level 2.1 Dodging


You had 10 spell levels left.
You didn't know any spells.
Your spell library contained the following spells:

 Spells                   Type           Power      Damage    Failure   Level
 Necrotise                Necr           0%         1d4       63%         1
 Sting                    Conj/Alch      0%         1d3       63%         1
 Mercury Vapours          Alch/Air       0%         N/A       77%         2
 Call Canine Familiar     Summ           0%         N/A       94%         3
 Inner Flame              Hex/Fire       0%         N/A       94%         3
 Sigil of Binding         Hex            0%         N/A       94%         3
 Summon Ice Beast         Ice/Summ       0%         N/A       94%         3
 Vampiric Draining        Necr           0%         2d6       94%         3
 Dimensional Bullseye     Hex/Tloc       0%         N/A       100%        4
 Martyr's Knell           Necr/Summ      0%         N/A       100%        4
 Olgreb's Toxic Radiance  Alch           0%         N/A       100%        4
 Curse of Agony           Necr           0%         N/A       100%        5
 Irradiate                Conj/Alch      0%         3d11      100%        5
 Summon Mana Viper        Hex/Summ       0%         N/A       100%        5
 Monstrous Menagerie      Summ           0%         N/A       100%        7


Dungeon Overview and Level Annotations

Branches:
Dungeon (10/15)            Temple (1/1) D:7            Lair (0/5) D:9
    Orc (0/2) D:9

Altars:
Ashenzari
Cheibriados
Dithmenos
Elyvilon
Fedhas
Gozag
Hepliaklqana
Kikubaaqudgha
Makhleb
Nemelex Xobeh
Okawaru
Qazlal
Ru
Sif Muna
Trog
Uskayaw
Vehumet
Wu Jian
Xom
Yredelemnul
Zin
The Shining One

Shops:
D:3 =   D:4 :   D:6 *   D:7 *


Innate Abilities, Weirdness & Mutations

Your spellcasting is much less encumbered by armour.
You can use scrolls of enchantment on lesser artefacts.


Message History

You slash the sixfirhy!
The sixfirhy is almost dead.
The sixfirhy hits you but does no damage. x2
You block the sixfirhy's attack.
You barely miss the sixfirhy.
The sixfirhy is almost dead.
You closely miss the sixfirhy.
The sixfirhy is almost dead.
The iron imp summons a swarm of flies.
Okay, then.
Okay, then.
Aiming: Upheaval
Press: ? - help, Dir - move target, f - kobold demonologist
Aim: a kobold demonologist, wielding a +2 dagger of venom and wearing a +0 robe (severely wounded, poisoned)
The ground shakes violently, spewing rubble!
The blast of rubble hits the kobold demonologist.
The kobold demonologist is severely wounded.
The neqoxec disappears in a puff of smoke!
The sixfirhy barely misses you. The sixfirhy hits you! The sixfirhy shocks you!
* * * LOW HITPOINT WARNING * * *
The kobold demonologist mumbles some strange words.
You take 19 damage, and have 28/95 hp.
You now have 7/11 mp.
Aiming: Upheaval
Press: ? - help, Dir - move target, p - kobold demonologist The ground shakes violently, spewing rubble!
The storm surrounding you is now too weak to repel missiles.
You will no longer adapt resistances upon receiving elemental damage.
The sixfirhy hits you but does no damage. x2
The sixfirhy hits you.
* * * LOW HITPOINT WARNING * * *
The sixfirhy shocks you!
* * * LOW HITPOINT WARNING * * *
The neqoxec gestures at you. Something gnaws on your mind!
* * * LOW HITPOINT WARNING * * *
You feel your power leaking away. The sixfirhy hits you.
* * * LOW HITPOINT WARNING * * *
The sixfirhy shocks you!
You die...

# # # # # #. # #.. ## #
.#.3. .. ####
[....K##### #.#### #...
....533@..# #.)..####.#
.....5###.#######..###.
#.#.# #..............#
# #.#.#########..#+#
...#.#........†....
#####.# ######......
#.# #...<.....
#.#.######......
#.#.............


You could see a sun demon (summoned), a kobold demonologist (poisoned), a
sixfirhy (summoned, extremely poisoned), a neqoxec (summoned), a white imp
(summoned) and an ufetubus (summoned).

Vanquished Creatures
  A two-headed ogre (D:9)
  A kobold demonologist (D:10)
  A komodo dragon (D:10)
  A shadow (D:10)
  3 wyverns
  16 yaks
  A warg (D:9)
  An acid dragon (D:10)
  A water moccasin (D:7)
  Duvessa (D:5)
  4 orc warriors
  2 black bears (D:7)
  2 sky beasts (D:7)
  An ice beast (D:7)
  An ogre (D:5)
  2 wolves (D:9)
  6 centaurs
  4 kobold brigands
  3 bullfrogs
  2 scorpions
  12 wights
  Dowan (D:5)
  7 killer bees (D:10)
  5 howler monkeys
  2 bombardier beetles
  4 jellies
  4 hounds
  9 orc priests
  A gnoll bouda (D:7)
  An iguana (D:5)
  2 sleepcaps
  10 orc wizards
  5 gnolls
  9 adders
  A shadow imp (D:7)
  4 white imps
  2 ribbon worms
  25 orcs
  8 ball pythons
  14 endoplasms
  3 giant cockroaches
  5 goblins
  4 hobgoblins
  5 jackals
  5 quokkas
  5 bats
  4 frilled lizards
  22 kobolds
  10 rats
243 creatures vanquished.

Notes
Turn   | Place    | Note
-------+----------+-------------------------------------------
     0 | D:1      | jasper the Mountain Dwarf Monk began the quest for the Orb.
     0 | D:1      | Reached XP level 1. HP: 19/19 MP: 1/1
    33 | D:1      | Reached skill level 4 in Axes
    87 | D:1      | Reached XP level 2. HP: 8/26 MP: 2/2
   309 | D:1      | Reached skill level 5 in Axes
   352 | D:1      | Reached XP level 3. HP: 27/31 MP: 3/3
  1357 | D:2      | Reached skill level 6 in Axes
  1357 | D:2      | Reached XP level 4. HP: 34/38 MP: 4/4
  2101 | D:3      | Found Jynouto's Jewellery Shop.
  2642 | D:4      | Reached skill level 7 in Axes
  2642 | D:4      | Reached XP level 5. HP: 17/45 MP: 5/5
  2856 | D:4      | Identified the +4 war axe of Calamity {holy, rC+ rN+ Will+
                  | Dex+3}
  2866 | D:4      | Reached skill level 8 in Axes
  2866 | D:4      | Reached XP level 6. HP: 49/51 MP: 6/6
  2897 | D:4      | Found Fomn's Self-Published Books.
  3047 | D:4      | Got Pyrajyih's Tome of Changed Incandescence
  3306 | D:5      | Entered Level 5 of the Dungeon
  3306 | D:5      | Noticed Duvessa
  3306 | D:5      | Noticed Dowan
  3417 | D:5      | Killed Duvessa
  3418 | D:5      | Reached skill level 9 in Axes
  3418 | D:5      | Killed Dowan
  3535 | D:5      | Reached XP level 7. HP: 41/57 MP: 7/7
  3623 | D:5      | Found a hazy altar of Hepliaklqana.
  3806 | D:5      | Reached skill level 10 in Axes
  4083 | D:5      | Reached skill level 11 in Axes
  4550 | D:6      | Reached XP level 8. HP: 35/63 MP: 8/8
  4674 | D:6      | Found Xoopnot's Assorted Antiques.
  4688 | D:6      | Bought a scroll of teleportation for 72 gold pieces
  4688 | D:6      | Bought a scroll of teleportation for 72 gold pieces
  4688 | D:6      | Bought a tapered brass wand for 96 gold pieces
  4704 | D:6      | Reached skill level 12 in Axes
  5419 | D:6      | Reached skill level 1 in Armour
  5864 | D:7      | Found a staircase to the Ecumenical Temple.
  5883 | Temple   | Entered the Ecumenical Temple
  5967 | Temple   | Became a worshipper of Qazlal Stormbringer
  5967 | Temple   | Reached * piety under Qazlal
  5967 | Temple   | Reached ** piety under Qazlal
  6111 | D:7      | Reached skill level 13 in Axes
  6266 | D:7      | Reached XP level 9. HP: 72/72 MP: 9/9
  6277 | D:7      | Found Cuetyr's Mass Market.
  6296 | D:7      | Reached skill level 5 in Fighting
  7142 | D:7      | Reached skill level 14 in Axes
  7396 | D:7      | Found an iron altar of Okawaru.
  8158 | D:8      | Reached skill level 5 in Armour
  8362 | D:8      | Reached XP level 10. HP: 47/84 MP: 10/10
  8490 | D:8      | Reached *** piety under Qazlal
  8640 | D:9      | Found a staircase to the Orcish Mines.
  8709 | D:9      | Found a staircase to the Lair.
  8712 | D:9      | Reached skill level 15 in Axes
  8865 | D:9      | Noticed a two-headed ogre
  8878 | D:9      | Killed a two-headed ogre
  9029 | D:9      | Reached skill level 16 in Axes
  9611 | D:10     | Entered Level 10 of the Dungeon
  9621 | D:10     | Reached **** piety under Qazlal
  9666 | D:10     | Reached XP level 11. HP: 82/95 MP: 11/11
 10220 | D:10     | Noticed a sixfirhy
 10231 | D:10     | Noticed a sun demon
 10231 | D:10     | Slain by a sixfirhy

Illustrated notes

Levels and vault maps discovered:
D:1:      lightli_arrival_boilingwater, layout_basic
D:2:      layout_basic, minmay_box_of_dots
D:3:      layout_rooms, serial_shops, nicolae_shop_hallway_plus
D:4:      layout_cave_pools, minmay_statues_item, mrwooster_statue_mirror,
          nicolae_custom_books, nicolae_nh_ransacked_shop
D:5:      layout_cave_pods, worldfamousw_hep_ancestral_shrine, uniq_duvessa
D:6:      layout_basic, serial_shops, nicolae_stop_n_shop_1
D:7:      layout_basic, minmay_temple_entry_large_hall, minmay_shop_mass,
          minmay_ruined_shrine
D:8:      layout_rooms
D:9:      layout_rooms, erik_lair_orcish_takeover
D:10:     layout_basic
Temple:   mainiacjoe_temple_archimedes_tessellation

Skill      XL: |  1  2  3  4  5  6  7  8  9 10 |
---------------+-------------------------------+-----
Axes           | 4 5 6 7 8 9 11 13 14 16 | 16.8
Armour         | 3 5 7 |  7.8
Fighting       | 4 6 8 |  8.6
Dodging        | |  2.1

Action                     |  1- 3 |  4- 6 |  7- 9 | 10-12 || total
---------------------------+-------+-------+-------+-------++-------
  Melee: Hand axe          |    99 |    23 |       |       ||   122
         War axe           |       |    95 |    70 |       ||   165
         Battleaxe         |       |       |   105 |   163 ||   268
  Throw: Stone             |     1 |       |       |       ||     1
 Invoke: Upheaval          |       |       |       |     2 ||     2
    Use: Scroll            |     3 |     8 |     9 |     4 ||    24
         Potion            |       |     1 |       |     1 ||     2
 Armour: Robe              |    35 |       |       |       ||    35
         Chain mail        |    19 |   100 |   182 |       ||   301
         Skin              |       |    10 |       |       ||    10
         Plate armour      |       |       |    22 |   173 ||   195
  Dodge: Dodged            |    60 |    38 |    75 |    56 ||   229
         Repelled          |       |       |       |     3 ||     3
  Block: Other             |       |       |    12 |    28 ||    40

Table legend: (Time is in decaauts)
 A = Elapsed time spent in this place.
 B = Non-inter-level travel time spent in this place.
 C = Inter-level travel time spent in this place.
 D = Time resting spent in this place.
 E = Time spent auto-exploring this place.
 F = Levels seen in this place.
 G = Mean time per level.
                   A        B        C        D        E       F      G
               +--------+--------+--------+--------+--------+-----+--------+
         Total |  10287 |  10004 |    283 |   1190 |   7154 |  11 |  935.2 |
       Dungeon |  10163 |   9956 |    207 |   1190 |   7109 |  10 | 1016.3 |
        Temple |    123 |     47 |     76 |      0 |     45 |   1 |  123.0 |
               +--------+--------+--------+--------+--------+-----+--------+

Top non-repeatable levels by time:
     D:7: 2012 daAuts
     D:1: 1229 daAuts
     D:6: 1128 daAuts
     D:9: 1027 daAuts
     D:5: 984 daAuts
     D:8: 979 daAuts
     D:4: 881 daAuts
     D:2: 693 daAuts
     D:3: 640 daAuts
    D:10: 587 daAuts
  Temple: 123 daAuts
